 Dungeon Sprint DCSS version 0.18-a0-425-ge088ad1 (webtiles) character file.

21993 Kidiri the Unseen (level 12, -3/63 HPs)
             Began as a Spriggan Enchanter on Nov 30, 2015.
             Was the Champion of Dithmenos.
             Slain by a greater naga
             ... wielding a +0 whip
              (14 damage)
             ... in the Dungeon (Sprint III: "The Ten Rune Challenge").
             The game lasted 00:16:32 (3672 turns).

Kidiri the Unseen (Spriggan Enchanter)              Turns: 3672, Time: 00:16:32

Health: -3/63      AC:  7    Str:  4    XL:     12   Next: 59%
Magic:  28/31      EV: 30    Int: 19    God:    Dithmenos [******]
Gold:   23         SH:  0    Dex: 19    Spells: 9 memorised, 11 levels left

rFire  + . .     SeeInvis +     v - +0 dagger (drain)
rCold  + . .     Clarity  +     n - +1 robe {rF+}
rNeg   . . .     SustAt   .     (shield restricted)
rPois  .         Gourm    .     (helmet restricted)
rElec  .         Spirit   .     m - +0 cloak
rCorr  .         Dsmss    .     (gloves unavailable)
rMut   .         NoTele   +     (boots unavailable)
MR     ++...                    (no amulet)
Stlth  ++++++++++               (no ring)
                                (no ring)

@: wreathed by umbra, constricted, very quick, very resistant to hostile
enchantments, uncannily stealthy
A: unfitting armour, beak, iridescent scales 1, see invisible, clarity, cold
resistance 1, deformed body, herbivore 3, speed 3, slow metabolism 2
a: Shadow Step, Shadow Form, Renounce Religion


You were in the Dungeon.
You worshipped Dithmenos.
Dithmenos was exalted by your worship.
You were not hungry.

You visited 1 branch You collected 23 gold pieces.

Inventory:

Hand Weapons
 v - a +0 dagger of draining (weapon)
Missiles
 b - 4 throwing nets (quivered)
Armour
 m - a +0 cloak (worn)
 n - a +1 robe of fire resistance (worn)
Wands
 k - a wand of polymorph (11)
Scrolls
 r - a scroll of torment {unknown}
 s - a scroll of remove curse {unknown}
Potions
 a - a potion of berserk rage
 c - a potion of might
 e - a potion of curing
 g - a potion of haste
 p - a potion of invisibility
 q - a potion of flight
 t - 2 potions of cure mutation
Comestibles
 d - a bread ration
 i - 24 royal jellies
 l - 6 fruits


   Skills:
 + Level 7.4 Fighting
 * Level 13.3 Short Blades
 + Level 6.6 Armour
 * Level 16.7 Dodging
 * Level 18.0 Stealth
 * Level 14.2 Spellcasting
 + Level 6.5 Conjurations
 + Level 10.9 Hexes
 + Level 10.9 Translocations
 + Level 9.6 Transmutations
 + Level 7.3 Ice Magic
 + Level 6.8 Earth Magic
 - Level 2.1 Invocations


You had 11 spell levels left.
You knew the following spells:

 Your Spells              Type           Power        Failure   Level  Hunger
a - Corona                Hex            ######.      1%          1    None
b - Ensorcelled Hibernat  Hex/Ice        #####.       1%          2    None
c - Confuse               Hex            ######..     1%          3    None
d - Tukima's Dance        Hex            ######..     1%          3    None
e - Dazzling Spray        Conj/Hex       #####...     1%          3    None
f - Gell's Gravitas       Hex/Tloc       ######....   1%          3    None
g - Cause Fear            Hex            ######....   1%          4    None
h - Petrify               Trmt/Erth      #####...     1%          4    None
i - Metabolic Englaciati  Hex/Ice        #####.....   3%          5    ####...


Dungeon Overview and Level Annotations

Branches:
Dungeon (1/1)

Altars:
Cheibriados
Dithmenos
Elyvilon
Fedhas
Gozag
Kikubaaqudgha
Makhleb
Nemelex Xobeh
Okawaru
Qazlal
Ru
Sif Muna
Trog
Vehumet
Xom
Yredelemnul
Zin
The Shining One
Jiyva
Lugonu

Shops:
D =[?


Innate Abilities, Weirdness & Mutations

You are tiny and cannot use many weapons and most armour.
You have supernaturally acute eyesight.
You are a herbivore.
You cover ground extremely quickly.
You need consume almost no food.
You have a beak for a mouth.
You are partially covered in iridescent scales (AC +4).
You possess an exceptional clarity of mind.
Your flesh is cold resistant.
Armour fits poorly on your strangely shaped body.


Message History

The greater naga gestures at you while chanting.
You resist with almost no effort.
* * * LOW HITPOINT WARNING * * *
The greater naga constricts you.
Drink which item? (? for menu, Esc to quit)
Magic courses through your body.
The greater naga points at you and mumbles some strange words.
The orb of energy misses you.
The orb of energy explodes!
* * * LOW HITPOINT WARNING * * *
The greater naga constricts you.
Casting: Dazzling Spray
Confirm with . or Enter, or press ? or * to list all spells.
Aiming: Dazzling Spray
Press: ? - help, Shift-Dir - straight line, f/p - greater naga
Aim: a greater naga, wielding a whip and wearing a robe (black smoke, heavily wounded, constricting you, lightly drained, umbra)
The spray of energy hits the greater naga.
The greater naga is heavily wounded.
Your shadow mimicks your spell!
The shadow shard hits the greater naga.
The greater naga hits you with a whip!
You die...

#≈§§§§§§≈.♣♣♣♣♣♣♣#..♣♣
#≈.§§§§≈.≈♣ ###+♣♣♣♣♣♣♣♣
▓##+####'#######♣
♣♣♣♣.##..##≈≈
▓...........)...♣♣
♣.%.##.##%#≈≈
▓#+#############+♣
♣♣.##%##.##+≈ ..
#≈...........♣ ♣..#.##...#≈
▓...+≈≈...########♣♣
♣♣.##.##.:#≈ ▓
J.#≈≈≈.....§§§§§.♣
♣♣.##.#####.
J.#≈≈≈≈....§§§@..♣
♣.....##%...
###########N#############+###
#.....N.....###≈♣
#............##♣D
###########..# .♣
##......N....# ♣.
#.......)...## ♣♣
#..########## #.....%.....##


You could see a greater naga.

Vanquished Creatures
  Rupert (D)
  Maud (D)
  Erolcha (D)
  4 anacondas (D)
  2 hydras (D)
  4 death yaks (D)
  A lindwurm (D)
  A spriggan druid (D)
  A death drake (D)
  4 black mambas (D)
  2 spiny frogs (D)
  A fire drake (D)
  A komodo dragon (D)
  A deep elf priest (D)
  A queen bee (D)
  8 blink frogs (D)
  2 giant leeches (D)
  3 wandering mushrooms (D)
  A shadow (D)
  2 spriggans (D)
  4 redbacks (D)
  2 trapdoor spiders (D)
  2 hill giants (D)
  2 nagas (D)
  A spatial vortex (D)
  5 water moccasins (D)
  A swamp drake (D)
  A necrophage (D)
  A water elemental (D)
  32 killer bees (D)
  A jelly (D)
  Crazy Yiuf (D)
  A wizard (D)
  A necromancer (D)
  3 humans (D)
  A kobold demonologist (D)
  4 adders (D)
  An ooze (D)
  3 rats (D)
  A plant (D)
110 creatures vanquished.

Vanquished Creatures (collateral kills)
  3 two-headed ogres (D)
3 creatures vanquished.

Vanquished Creatures (others)
  Xtahua (D)
  2 draconian scorchers (D)
  A fire dragon (D)
  A hydra (D)
  2 fire drakes (D)
  3 yaktaurs (D)
  An electric eel (D)
  11 plants (D)
22 creatures vanquished.

Grand Total: 135 creatures vanquished

Notes
Turn   | Place    | Note
--------------------------------------------------------------
     0 | D        | Kidiri the Spriggan Enchanter began the quest for the Orb.
     0 | D        | Reached XP level 1. HP: 9/9 MP: 5/5
    41 | D        | Killed an eight-headed hydra
    46 | D        | Killed a yaktaur
   110 | D        | Reached skill level 5 in Stealth
   160 | D        | Reached skill level 1 in Fighting
   160 | D        | Reached skill level 1 in Armour
   160 | D        | Reached XP level 2. HP: 12/14 MP: 2/7
   164 | D        | Learned a level 2 spell: Ensorcelled Hibernation
   206 | D        | Noticed Crazy Yiuf
   220 | D        | Killed a white draconian scorcher
   241 | D        | Killed a fire drake
   246 | D        | Killed Crazy Yiuf
   246 | D        | Reached skill level 5 in Dodging
   246 | D        | Reached skill level 6 in Stealth
   246 | D        | Reached XP level 3. HP: 18/18 MP: 5/9
   251 | D        | Learned a level 3 spell: Confuse
   255 | D        | Learned a level 3 spell: Dazzling Spray
   306 | D        | Gained mutation: You have a beak for a mouth. [potion of mutation]
   306 | D        | Gained mutation: You possess an exceptional clarity of mind. [potion of mutation]
   306 | D        | Gained mutation: You are partially covered in iridescent scales (AC +4). [potion of mutation]
   307 | D        | Gained mutation: Armour fits poorly on your strangely shaped body. [potion of mutation]
   307 | D        | Gained mutation: Your flesh is cold resistant. [potion of mutation]
   316 | D        | Killed a white draconian scorcher
   437 | D        | Noticed a water elemental
   453 | D        | Killed a water elemental
   453 | D        | Reached skill level 7 in Stealth
   453 | D        | Reached skill level 1 in Ice Magic
   453 | D        | Reached XP level 4. HP: 23/23 MP: 1/11
   462 | D        | Learned a level 3 spell: Tukima's Dance
   534 | D        | Noticed a shadow
   569 | D        | Killed a shadow
   569 | D        | Reached skill level 5 in Short Blades
   569 | D        | Reached skill level 9 in Stealth
   569 | D        | Reached skill level 1 in Conjurations
   569 | D        | Reached skill level 5 in Hexes
   569 | D        | Reached XP level 5. HP: 18/27 MP: 0/14
   569 | D        | Reached XP level 6. HP: 21/32 MP: 0/16
   643 | D        | Killed a fire drake
   708 | D        | Found a stormy altar of Qazlal.
   708 | D        | Noticed a spatial vortex
   709 | D        | Found a sacrificial altar of Ru.
   709 | D        | Found a burning altar of Makhleb.
   709 | D        | Found a viscous altar of Jiyva.
   709 | D        | Found a shimmering altar of Xom.
   709 | D        | Found a shadowy altar of Dithmenos.
   709 | D        | Found a sparkling altar of Nemelex Xobeh.
   709 | D        | Found a corrupted altar of Lugonu.
   709 | D        | Found an opulent altar of Gozag.
   713 | D        | Became a worshipper of Dithmenos the Shadowed
   733 | D        | Killed a spatial vortex
   733 | D        | Reached skill level 1 in Invocations
   767 | D        | Killed a yaktaur
   883 | D        | Found a radiant altar of Vehumet.
   884 | D        | Found a deep blue altar of Sif Muna.
   884 | D        | Found an ancient bone altar of Kikubaaqudgha.
   885 | D        | Reached skill level 10 in Stealth
   887 | D        | Reached * piety under Dithmenos
   902 | D        | Learned a level 3 spell: Gell's Gravitas
   907 | D        | Learned a level 4 spell: Cause Fear
   947 | D        | Found a glowing silver altar of Zin.
   948 | D        | Found a glowing golden altar of the Shining One.
   948 | D        | Found a white marble altar of Elyvilon.
   948 | D        | Noticed a deep elf priest
   950 | D        | Killed a deep elf priest
   950 | D        | Reached XP level 7. HP: 36/36 MP: 19/19
   962 | D        | Found an iron altar of Okawaru.
   963 | D        | Found a bloodstained altar of Trog.
   963 | D        | Noticed a human
   963 | D        | Noticed a human
   965 | D        | Killed a human
   965 | D        | Reached skill level 10 in Dodging
   965 | D        | Reached skill level 11 in Stealth
   966 | D        | Killed a human
   966 | D        | Reached ** piety under Dithmenos
   981 | D        | Found a snail-covered altar of Cheibriados.
   988 | D        | Reached XP level 8. HP: 42/42 MP: 1/21
   989 | D        | Found a basalt altar of Yredelemnul.
   989 | D        | Found a blossoming altar of Fedhas.
  1120 | D        | Learned a level 4 spell: Petrify
  1147 | D        | Reached *** piety under Dithmenos
  1147 | D        | Reached skill level 1 in Transmutations
  1219 | D        | Reached skill level 1 in Earth Magic
  1227 | D        | Noticed Erolcha
  1230 | D        | Killed Erolcha
  1230 | D        | Reached skill level 12 in Stealth
  1230 | D        | Reached skill level 5 in Translocations
  1230 | D        | Reached XP level 9. HP: 46/46 MP: 21/23
  1231 | D        | Reached **** piety under Dithmenos
  1382 | D        | Reached skill level 10 in Spellcasting
  1471 | D        | Reached skill level 13 in Stealth
  1472 | D        | Reached ***** piety under Dithmenos
  1480 | D        | Reached ****** piety under Dithmenos
  1481 | D        | Reached skill level 5 in Fighting
  1481 | D        | Reached skill level 5 in Transmutations
  1484 | D        | Reached XP level 10. HP: 42/51 MP: 1/25
  1502 | D        | Reached skill level 10 in Short Blades
  1527 | D        | Reached skill level 14 in Stealth
  1527 | D        | Reached skill level 5 in Ice Magic
  1798 | D        | Learned a level 5 spell: Metabolic Englaciation
  1896 | D        | Reached skill level 5 in Armour
  1943 | D        | Noticed a lindwurm
  1946 | D        | Killed a lindwurm
  1946 | D        | Reached skill level 5 in Conjurations
  1978 | D        | Reached skill level 15 in Stealth
  2035 | D        | Noticed Maud
  2037 | D        | Killed Maud
  2037 | D        | Reached XP level 11. HP: 56/56 MP: 26/28
  2049 | D        | Noticed a four-headed hydra
  2049 | D        | Noticed a seven-headed hydra
  2051 | D        | Killed a four-headed hydra
  2052 | D        | Killed a seven-headed hydra
  2052 | D        | Reached skill level 5 in Earth Magic
  2073 | D        | Noticed a death drake
  2075 | D        | Killed a death drake
  2097 | D        | Found a blossoming altar of Fedhas.
  2097 | D        | Noticed a spriggan druid
  2099 | D        | Killed a spriggan druid
  2099 | D        | Reached skill level 16 in Stealth
  2124 | D        | Noticed Xtahua
  2344 | D        | Noticed Rupert
  2349 | D        | Killed Rupert
  2349 | D        | Reached skill level 15 in Dodging
  2349 | D        | Reached skill level 10 in Hexes
  2375 | D        | Noticed a death yak
  2376 | D        | Noticed a death yak
  2382 | D        | Noticed a death yak
  2386 | D        | Killed a death yak
  2386 | D        | Reached skill level 10 in Translocations
  2391 | D        | Killed a death yak
  2391 | D        | Reached skill level 17 in Stealth
  2391 | D        | Reached XP level 12. HP: 47/62 MP: 30/30
  2639 | D        | Killed Xtahua
  2946 | D        | Noticed an azure jelly
  2946 | D        | Noticed an azure jelly
  3035 | D        | Noticed an anaconda
  3035 | D        | Noticed an anaconda
  3037 | D        | Killed an anaconda
  3041 | D        | Killed an anaconda
  3178 | D        | Noticed an anaconda
  3178 | D        | Noticed an anaconda
  3182 | D        | Killed an anaconda
  3188 | D        | Killed an anaconda
  3188 | D        | Reached skill level 18 in Stealth
  3254 | D        | Noticed a naga warrior
  3254 | D        | Noticed a greater naga
  3254 | D        | Found Ifruyba's Jewellery Boutique.
  3254 | D        | Found Isacla Sulle's Antique Armour Emporium.
  3256 | D        | Found Raxtehed's Magic Scroll Shop.
  3642 | D        | Killed a fire dragon
  3672 | D        | Slain by a greater naga

Vault maps used:
D:        dungeon_sprint_mu

Action                   |  1- 3 |  4- 6 |  7- 9 | 10-12 || total
-------------------------+-------+-------+-------+-------++-------
Melee: Dagger            |    35 |    21 |    20 |   180 ||   256
Throw: Throwing net      |       |       |       |     2 ||     2
 Cast: Corona            |     4 |       |       |       ||     4
       Ensorcelled Hiber |     1 |       |     5 |    31 ||    37
       Dazzling Spray    |     2 |    14 |     5 |    27 ||    48
       Tukima's Dance    |       |       |     8 |     6 ||    14
       Gell's Gravitas   |       |       |     7 |     1 ||     8
       Confuse           |       |       |     2 |       ||     2
Invok: Shadow Step       |       |       |       |    10 ||    10
  Use: Potion            |     3 |     2 |       |     4 ||     9
       Scroll            |     2 |     1 |       |     1 ||     4
 Stab: Sleeping          |     4 |     4 |    12 |    44 ||    64
       Confused          |       |       |     2 |       ||     2
       Invisible         |       |       |       |     5 ||     5
       Held in net/web   |       |       |       |     2 ||     2
  Eat: Bread ration      |       |       |       |     1 ||     1
